 Dungeon Crawl Stone Soup version 0.26-a0-291-g3d11bbfad5 (webtiles) character file.

Game seed: 15377103666474804214

58 BritishOli the Skirmisher (level 3, -3/29 HPs)
             Began as a Demonspawn Fighter on July 14, 2020.
             Slain by a gnoll
             ... wielding a +0 whip
              (7 damage)
             ... on level 1 of the Dungeon.
             The game lasted 00:00:44 (1404 turns).

BritishOli the Skirmisher (Demonspawn Fighter)      Turns: 1404, Time: 00:00:44

Health: -3/29      AC:  6    Str: 17    XL:     3   Next: 75%
Magic:  3/3        EV:  7    Int:  9    God:
Gold:   35         SH:  9    Dex: 12    Spells: 2/2 levels left

rFire    . . .     SeeInvis .   a - +0 long sword
rCold    . . .     Faith    .   c - +0 kite shield
rNeg     . . .     Spirit   .   b - +0 scale mail
rPois    .         Reflect  .   (helmet restricted)
rElec    .         Harm     .   (no cloak)
rCorr    .                      (no gloves)
MR       .....                  (no boots)
Stlth    ..........             (no amulet)
HPRegen  0.09/turn              (no ring)
MPRegen  0.08/turn              (no ring)

@: no status effects
A: horns 2
a: no special abilities


You were on level 1 of the Dungeon.
You visited 1 branch of the dungeon, and saw 2 of its levels.

You collected 35 gold pieces.

Inventory:

Hand Weapons
 a - a +0 long sword (weapon)
Armour
 b - a +0 scale mail (worn)
 c - a +0 kite shield (worn)
Scrolls
 f - a scroll of blinking {unknown}
 h - 2 scrolls of teleportation {unknown}
 i - 2 scrolls of identify {unknown}
Potions
 d - a potion of might
 e - a potion of degeneration {unknown}
 g - a potion of ambrosia {unknown}


   Skills:
 + Level 3.4 Fighting
 + Level 2.4 Long Blades
 + Level 3.1 Armour
 + Level 3.1 Shields


You had 2 spell levels left.
You didn't know any spells.
Your spell library was empty.

Dungeon Overview and Level Annotations

Branches:
Dungeon (2/15)

Altars:


Innate Abilities, Weirdness & Mutations

You have a pair of horns on your head.


Message History

The gnoll hits you with a +0 whip.
* * * LOW HITPOINT WARNING * * *
You slash the gnoll!
The gnoll is almost dead.
You block the gnoll's attack.
You hit the gnoll.
You kill the gnoll!
You closely miss the gnoll. The gnoll hits you with a +0 whip.
* * * LOW HITPOINT WARNING * * *
You hit the gnoll.
You headbutt the gnoll, but do no damage.
The gnoll is lightly wounded.
The gnoll closely misses you.
You riposte.
You completely miss the gnoll. Your headbutt misses the gnoll.
The gnoll is lightly wounded.
The gnoll hits you but does no damage.
You barely miss the gnoll.
The gnoll is lightly wounded.
The gnoll hits you with a +0 whip!
You die...

#............#.# #....#
#.........##.#.# ###########.#
#.........##.#.####............
#.........##.#.##....#.####.###
#.........+...†#..###...##...##
#####.....##>..#.## #.⌠.##.⌠.##
#.....####.#.####...##...##
#.....# #g#...###.####.###
#.....# #@#.⌠†###.####.###
###'### #.#............... #.#
#.##.##.........<. #.#
#.#............... #.#
#.#.⌠.###.####.### #.#
#.#...###.####.### #.#
#.#.####...##...## #.# #.#.##
#.⌠.##.⌠.## #.#
#.#..###...##...##


You could see a gnoll.

Vanquished Creatures
  3 gnolls (D:1)
  2 dart slugs (D:1)
  A leopard gecko (D:2)
  A giant cockroach (D:1)
  4 hobgoblins (D:1)
  4 kobolds (D:1)
  3 bats (D:1)
  4 frilled lizards
  A goblin (D:1)
  4 rats (D:1)
27 creatures vanquished.

Notes
Turn   | Place    | Note
-------+----------+-------------------------------------------
     0 | D:1      | BritishOli the Demonspawn Fighter began the quest for the
                  | Orb.
     0 | D:1      | Reached XP level 1. HP: 18/18 MP: 1/1
   227 | D:1      | Gained mutation: You have a pair of small horns on your
                  | head. [demonic ancestry]
   227 | D:1      | Reached XP level 2. HP: 12/24 MP: 2/2
   761 | D:1      | Gained mutation: You have a pair of horns on your head.
                  | [demonic ancestry]
   761 | D:1      | Reached XP level 3. HP: 27/29 MP: 3/3
  1404 | D:1      | Slain by a gnoll

Illustrated notes

Levels and vault maps discovered:
D:1:      dpeg_arrival_chambers_temple_mockup, layout_basic
D:2:      layout_rooms, zin_angel, serial_forest, infiniplex_forest_corner_1,
          infiniplex_forest_straight_5, infiniplex_forest_3_way,
          infiniplex_forest_end_2, infiniplex_forest_lined_room_,
          infiniplex_forest_corner_2, infiniplex_forest_lined_room_2,
          infiniplex_forest_lined_3

Skill      XL: |  1  2 |
---------------+-------+-----
Long Blades    | 2 |  2.4
Armour         | 3 |  3.1
Shields        | 3 |  3.1
Fighting       | |  3.4

Action                   || total
-------------------------++-------
Melee: Long sword        ||    89
       Headbutt          ||    13
Armor: Scale mail        ||    33
Dodge: Dodged            ||    36
Block: Kite shield       ||    56
       Rpst.: Long sword ||    18

Table legend:
 A = Non-vault XP
 B = Vault XP
 C = Vault XP percentage of total XP
 D = Non-vault monster count
 E = Vault monster count
 F = Vault count percentage of total count
                 A         B        C        D         E       F
            +---------+---------+-------+---------+---------+-------
      Total |      83 |       0 |   0.0 |      27 |       0 |   0.0
            +---------+---------+-------+---------+---------+-------
        D:1 |      79 |       0 |   0.0 |      25 |       0 |   0.0
        D:2 |       4 |       0 |   0.0 |       2 |       0 |   0.0
            +---------+---------+-------+---------+---------+-------
